 Dungeon Crawl Stone Soup version 0.18-a0-629-g16988c9 (webtiles) character file.

176 ReteAZ the Insei (level 5, -16/34 HPs)
             Began as an Octopode Transmuter on Dec 4, 2015.
             Demolished by an ogre
             ... wielding a +0 giant club
              (26 damage)
             ... on level 4 of the Dungeon.
             The game lasted 00:07:07 (3478 turns).

ReteAZ the Insei (Octopode Transmuter)              Turns: 3478, Time: 00:07:08

Health: -16/34     AC:  1    Str: 10    XL:     5   Next: 56%
Magic:  2/8        EV: 13    Int: 15    God:
Gold:   207        SH:  0    Dex: 13    Spells: 2 memorised, 5 levels left

rFire  . . .     SeeInvis .       - Unarmed
rCold  . . .     Clarity  .     (no shield)
rNeg   . . .     SustAt   .     (helmet restricted)
rPois  .         Gourm    .     (no amulet)
rElec  .         Spirit   .     (no ring)
rCorr  .         Dismiss  .     (no ring)
rMut   .         Stasis   .     (no ring)
MR     .....                    (no ring)
Stlth  ++........               (no ring)
                                (no ring)
                                (no ring)
                                (no ring)

@: very slightly contaminated, not resistant to hostile enchantments, unstealthy
A: almost no armour, amphibious, 8 rings, constrict 8, camouflage 1, gelatinous
body 1
a: no special abilities


You were on level 4 of the Dungeon.
You were not hungry.

You visited 1 branch of the dungeon, and saw 4 of its levels.

You collected 207 gold pieces.

Inventory:

Missiles
 a - 75 arrows
 i - 6 tomahawks (quivered)
Scrolls
 d - 5 scrolls of remove curse {unknown}
 e - a scroll of amnesia {unknown}
 f - a scroll of noise {unknown}
 g - a scroll of enchant armour {unknown}
 j - 7 scrolls of identify {unknown}
 k - 5 scrolls of teleportation {unknown}
 l - a scroll of random uselessness {unknown}
 m - 3 scrolls of enchant weapon {unknown}
 o - a scroll of recharging {unknown}
Potions
 n - 2 potions of curing
 s - a potion of resistance {unknown}
Books
 b - a book of Changes

   Spells                             Type                      Level
   a - Beastly Appendage              Transmutation                1
   b - Sticks to Snakes               Transmutation                2
   c - Spider Form                    Transmutation/Poison         3
   d - Ice Form                       Ice/Transmutation            4
   e - Blade Hands                    Transmutation                5
Comestibles
 c - 3 bread rations {@e1}
 h - 2 meat rations {@e2}
 p - 3 fruits


   Skills:
 - Level 2.0 Fighting
 + Level 3.0 Dodging
 * Level 4.8 Unarmed Combat
 - Level 2.0 Spellcasting
 + Level 2.7 Transmutations


You had 5 spell levels left.
You knew the following spells:

 Your Spells              Type           Power        Failure   Level  Hunger
a - Beastly Appendage     Trmt           #.....       10%         1    #......
b - Sticks to Snakes      Trmt           #.......     12%         2    ###....


Dungeon Overview and Level Annotations

Branches:
Dungeon (4/15)
 Temple: D:4-7

Altars:
Kikubaaqudgha
Nemelex Xobeh
Sif Muna


Innate Abilities, Weirdness & Mutations

You cannot wear most types of armour.
You are amphibious.
You can wear up to eight rings at the same time.
You can use your tentacles to constrict eight enemies at once.
Your skin changes colour to match your surroundings (Stealth).
Your rubbery body absorbs attacks (AC +1).


Message History

The ogre barely misses you.
Casting: Sticks to Snakes
Confirm with . or Enter, or press ? or * to list all spells.
You miscast Sticks to Snakes.
You are very lightly contaminated with residual magic.
Multicoloured lights dance before your eyes!
The ogre closely misses you.
Casting: Sticks to Snakes
Confirm with . or Enter, or press ? or * to list all spells.
You miscast Sticks to Snakes.
Nothing appears to happen.
Casting: Sticks to Snakes
Confirm with . or Enter, or press ? or * to list all spells.
You create a snake!
You now have 75 arrows.
The ogre hits you with a giant club!!
Ouch! That really hurt!
* * * LOW HITPOINT WARNING * * *
Drink which item? (? for menu, Esc to quit)
You feel better. The ogre hits you with a giant club!!
Ouch! That really hurt!
You die...

#...<#.#......
#.............
#.############
#...........#
###########.# #
##########.##.#
#.............#
#...[....SO####
#........@.#
#..........#
#..........#
#..........#
#..........#
############


You could see an ogre and a friendly ball python.

Vanquished Creatures
  Jessica (D:3)
  An iguana (D:4)
  A hound skeleton (D:4)
  A gnoll (D:1)
  2 adders
  An ooze (D:2)
  A worm (D:2)
  2 giant geckos
  7 orcs
  6 giant cockroaches
  10 goblins
  6 hobgoblins
  7 kobolds
  2 quokkas
  A ball python (D:3)
  4 bats
  3 giant newts
  13 rats
69 creatures vanquished.

Vanquished Creatures (collateral kills)
  An adder (D:3)
1 creature vanquished.

Grand Total: 70 creatures vanquished

Notes
Turn   | Place    | Note
--------------------------------------------------------------
     0 | D:1      | ReteAZ the Octopode Transmuter began the quest for the Orb.
     0 | D:1      | Reached XP level 1. HP: 13/13 MP: 3/3
    56 | D:1      | Reached XP level 2. HP: 18/18 MP: 3/5
   362 | D:1      | Found a sparkling altar of Nemelex Xobeh.
   645 | D:1      | Reached XP level 3. HP: 14/23 MP: 6/6
   922 | D:1      | Learned a level 2 spell: Sticks to Snakes
  1300 | D:2      | Found a faded altar to an unknown god.
  1396 | D:2      | Reached skill level 4 in Unarmed Combat
  1506 | D:2      | Reached XP level 4. HP: 21/29 MP: 7/7
  2133 | D:3      | Found an ancient bone altar of Kikubaaqudgha.
  2692 | D:3      | Found a deep blue altar of Sif Muna.
  2817 | D:3      | Noticed Jessica
  2825 | D:3      | Killed Jessica
  2825 | D:3      | Reached XP level 5. HP: 31/34 MP: 4/8
  2984 | D:4      | Noticed an ice beast
  2987 | D:4      | Noticed an ogre
  3478 | D:4      | Demolished by an ogre

Vault maps used:
D:1:      minmay_arrival_open_corners, nemelex_xobeh_ov_fountains_minmay
D:2:      ecumenical_altar_1, serial_bayou_pond_e
D:3:      lemuel_blue_sif_altar, old_standard_altar, kennysheep_jessica_study
D:4:      nicolae_dithmenos_shadow_blocks

Action                   |  1- 3 |  4- 6 || total
-------------------------+-------+-------++-------
Melee: Unarmed           |    76 |    94 ||   170
Throw: Tomahawk          |       |     4 ||     4
 Cast: Beastly Appendage |     2 |     3 ||     5
       Sticks to Snakes  |       |     6 ||     6
  Use: Potion            |       |     5 ||     5
 Stab: Sleeping          |     6 |     3 ||     9
       Distracted        |       |     2 ||     2
  Eat: Chunk             |     2 |     7 ||     9
